 Dungeon Crawl Stone Soup version 0.20.2-3-g29329e0561 (webtiles) character file.

7947 Alfie the Carver (level 11, -6/94 HPs)
             Began as a Minotaur Fighter on Dec 17, 2020.
             Mangled by Harold
             ... wielding a +1 hand axe of electrocution
              (8 damage)
             ... on level 10 of the Dungeon on Dec 21, 2020.
             The game lasted 00:22:43 (7909 turns).

Alfie the Carver (Minotaur Fighter)                 Turns: 7909, Time: 00:22:44

Health: -6/94      AC: 15    Str: 29    XL:     11   Next: 3%
Magic:  10/10      EV: 12    Int:  5    God:
Gold:   287        SH: 14    Dex: 10    Spells: 10/10 levels left

rFire    . . .     SeeInvis +   a - +1 long sword
rCold    . . .     Gourm    .   c - +1 shield
rNeg     . . .     Faith    .   b - +2 scale mail
rPois    .         Spirit   .   (helmet restricted)
rElec    .         Reflect  .   (no cloak)
rCorr    .         Harm     .   B - +0 pair of gloves
MR       .....                  q - +2 pair of boots
Stlth    ..........             (no amulet)
Regen    0.3/turn               l - ring of see invisible
MPRegen  0.2/turn               D - +5 ring of strength

@: no status effects
A: retaliatory headbutt, horns 2
a: no special abilities


You were on level 10 of the Dungeon.
You were not hungry.

You visited 1 branch of the dungeon, and saw 10 of its levels.
You also visited: Sewer.

You collected 547 gold pieces.
You spent 260 gold pieces at shops.

Inventory:

Hand Weapons
 a - a +1 long sword (weapon)
Missiles
 w - 16 tomahawks (quivered)
Armour
 b - a +2 scale mail (worn)
 c - a +1 shield (worn)
 q - a +2 pair of boots (worn)
 B - a +0 pair of gloves (worn)
Jewellery
 l - a ring of see invisible (left hand)
 D - a +5 ring of strength (right hand)
Wands
 z - a wand of polymorph (12/24)
 A - a wand of digging (11/24)
 G - a wand of random effects (12/48)
 H - a wand of lightning (4/15)
Scrolls
 e - 2 scrolls of blinking
 g - 3 scrolls of identify
 m - 7 scrolls of remove curse
 v - 3 scrolls of teleportation
 y - a scroll of magic mapping {unknown}
 E - a scroll of vulnerability {unknown}
Potions
 d - a potion of agility {unknown}
 h - a potion of resistance {unknown}
 i - a potion of lignification
 j - a potion of mutation {unknown}
 k - 2 potions of ambrosia {unknown}
 n - 3 potions of heal wounds
 p - 5 potions of flight {unknown}
 r - a potion of berserk rage {unknown}
 s - 3 potions of curing
 u - 4 potions of degeneration {unknown}
 C - a potion of might
Books
 o - a book of Air

   Spells                             Type                      Level
   a - Shock                          Conjuration/Air              1
   b - Swiftness                      Charms/Air                   2
   c - Static Discharge               Conjuration/Air              3
   d - Airstrike                      Air                          4
   e - Lightning Bolt                 Conjuration/Air              5
Comestibles
 f - 8 bread rations
 t - 12 royal jellies
 x - 5 meat rations
 F - 8 fruits


   Skills:
 + Level 8.2 Fighting
 + Level 11.9 Long Blades
 + Level 1.4 Throwing
 + Level 9.4 Armour
 + Level 5.9 Dodging
 + Level 1.0 Stealth
 + Level 10.4 Shields


You had 10 spell levels left.
You didn't know any spells.

Dungeon Overview and Level Annotations

Branches:
Dungeon (10/15)            Temple (0/1) D:5
   Lair: D:8-11         Orc: D:9-12

Altars:
Hepliaklqana
Ru
Sif Muna
Uskayaw
Zin
The Shining One

Shops:
D:6 !   D:9 %*

Annotations:
D:10 Harold


Innate Abilities, Weirdness & Mutations

You reflexively headbutt those who attack you in melee.
You have a pair of horns on your head.


Message History

Found 9 gold pieces.
You see here a bullfrog corpse.
You feel much better.
Harold points at you and mumbles some strange words.
The bolt of fire hits you!
Things that are here:
a longbow; 16 arrows; a centaur corpse Harold casts a spell at you.
The bolt of fire hits you!
* * * LOW HITPOINT WARNING * * *
You see here a throwing net.
You block Harold's attack.
You barely miss Harold.
Harold is almost dead.
You hit Harold but do no damage.
Harold is almost dead.
Harold hits you with a hand axe of electrocution.
* * * LOW HITPOINT WARNING * * *
You are electrocuted!
You die...

#.# #.. .. #.#
#.# #.# ... #.#
#.###.# #..# #.#
#.....###...#
#<#
#..#......#.#
#.###..#.#......
#.((.†..#....#
#####).#.#.##
#..>@().#
#.##@#†.#
#.##.#.....#
#.##.#........
#.##..........
#.............
######.....?.#
###...... $..###


You could see Harold.

Vanquished Creatures
  A centaur warrior (D:10)
  A two-headed ogre (D:8)
  The ghost of Alfie the Carver, a novice MiFi (D:7)
  Pikel (D:6)
  The ghost of Alfie the Slasher, a novice MiFi (D:6)
  A centaur zombie (D:9)
  2 hornets (D:9)
  A hippogriff (D:9)
  Edmund (D:6)
  A soldier ant (D:9)
  2 orc warriors
  2 water moccasins (D:9)
  3 black bears
  The ghost of Alfie the Shield-Bearer, an amateur MiFi (D:3)
  A sky beast (D:8)
  2 phantoms
  6 ogres
  6 centaurs
  Blork the orc (D:5)
  A big kobold (Sewer)
  4 bullfrogs
  2 scorpions
  3 howler monkeys (D:9)
  4 crimson imps
  Crazy Yiuf (D:3)
  2 bullfrog skeletons
  A bullfrog zombie (D:5)
  5 orc priests
  2 centaur skeletons
  A hound (D:4)
  9 orc wizards
  An iguana (D:7)
  12 worker ants
  Robin (D:3)
  4 gnolls (D:7)
  2 river rats (Sewer)
  11 adders
  2 oozes
  An adder zombie (D:9)
  5 worms
  9 leopard geckos
  21 orcs
  A ball python (D:1)
  6 bats
  2 giant cockroaches
  10 goblins
  9 hobgoblins
  13 jackals
  4 quokkas
  3 frilled lizards
  13 kobolds
  A quokka skeleton (D:8)
  5 rats
206 creatures vanquished.

Vanquished Creatures (others)
  An orc warrior (D:6)
  3 slaves (D:6)
  An orc (D:6)
5 creatures vanquished.

Grand Total: 211 creatures vanquished

Notes
Turn   | Place    | Note
-------+----------+-------------------------------------------
     0 | D:1      | Alfie the Minotaur Fighter began the quest for the Orb.
     0 | D:1      | Reached XP level 1. HP: 19/19 MP: 0/0
   417 | D:1      | Reached XP level 2. HP: 27/27 MP: 1/1
   829 | D:2      | Found a glowing silver altar of Zin.
   836 | D:2      | Found a sacrificial altar of Ru.
  1044 | D:2      | Reached XP level 3. HP: 27/33 MP: 2/2
  1439 | D:3      | Noticed Alfie's ghost (amateur MiFi)
  1440 | D:3      | Reached skill level 3 in Long Blades
  1449 | D:3      | Killed Alfie's ghost
  1449 | D:3      | Reached skill level 4 in Long Blades
  1449 | D:3      | Reached XP level 4. HP: 32/40 MP: 3/3
  1507 | D:3      | Found a hide-covered altar of Uskayaw.
  1603 | D:3      | Noticed Robin
  1603 | D:3      | Reached XP level 5. HP: 41/46 MP: 4/4
  1612 | D:3      | Killed Robin
  1667 | D:3      | Reached skill level 5 in Shields
  1699 | D:3      | Reached skill level 1 in Dodging
  1709 | D:3      | Found a runed door.
  1713 | D:3      | Noticed Crazy Yiuf
  1717 | D:3      | Killed Crazy Yiuf
  1751 | D:3      | Reached XP level 6. HP: 22/53 MP: 5/5
  2394 | D:4      | Reached skill level 5 in Long Blades
  2907 | D:4      | Found a deep blue altar of Sif Muna.
  2983 | D:5      | Entered Level 5 of the Dungeon
  3153 | D:5      | Found a staircase to the Ecumenical Temple.
  3174 | D:5      | Found a hazy altar of Hepliaklqana.
  3269 | D:5      | Found a glowing drain.
  3305 | Sewer    | Entered a sewer
  3378 | Sewer    | Reached skill level 5 in Armour
  3378 | Sewer    | Reached XP level 7. HP: 59/60 MP: 6/6
  3403 | Sewer    | Found a glowing silver altar of Zin.
  3489 | D:5      | Reached skill level 5 in Fighting
  3489 | D:5      | Reached skill level 6 in Long Blades
  3695 | D:5      | Noticed Blork the orc
  3709 | D:5      | Killed Blork the orc
  4182 | D:6      | Noticed Edmund
  4195 | D:6      | Killed Edmund
  4195 | D:6      | Reached skill level 1 in Throwing
  4205 | D:6      | Reached XP level 8. HP: 38/69 MP: 7/7
  4368 | D:6      | Reached skill level 7 in Long Blades
  4467 | D:6      | Noticed Alfie's ghost (novice MiFi)
  4483 | D:6      | Killed Alfie's ghost
  4610 | D:6      | Found Otzusac's Distillery.
  4612 | D:6      | Bought a potion of curing for 30 gold pieces
  4612 | D:6      | Bought a potion of curing for 30 gold pieces
  4612 | D:6      | Bought a potion of heal wounds for 50 gold pieces
  4897 | D:6      | Noticed Pikel
  4910 | D:6      | Killed Pikel
  4910 | D:6      | Reached skill level 8 in Long Blades
  4910 | D:6      | Reached XP level 9. HP: 61/75 MP: 8/8
  4986 | D:6      | Found a glowing golden altar of the Shining One.
  5507 | D:7      | Reached skill level 9 in Long Blades
  5624 | D:7      | You fall through a shaft!
  5764 | D:7      | Noticed Alfie's ghost (novice MiFi)
  5783 | D:7      | Killed Alfie's ghost
  5943 | D:8      | Reached skill level 10 in Long Blades
  5988 | D:8      | Reached XP level 10. HP: 84/84 MP: 9/9
  6007 | D:8      | Noticed a two-headed ogre
  6019 | D:8      | Killed a two-headed ogre
  6602 | D:9      | Reached skill level 5 in Dodging
  6909 | D:9      | Found Odghutz's Food Boutique.
  6921 | D:9      | Bought a bread ration for 50 gold pieces
  6921 | D:9      | Bought a bread ration for 50 gold pieces
  6921 | D:9      | Bought a meat ration for 50 gold pieces
  6989 | D:9      | Reached skill level 11 in Long Blades
  7348 | D:9      | Found Tutir's Assorted Antiques.
  7359 | D:9      | Reached skill level 10 in Shields
  7430 | D:9      | Reached skill level 1 in Stealth
  7835 | D:10     | Entered Level 10 of the Dungeon
  7879 | D:10     | Noticed a centaur warrior
  7881 | D:10     | Noticed Harold
  7894 | D:10     | Killed a centaur warrior
  7894 | D:10     | Reached XP level 11. HP: 48/94 MP: 10/10
  7909 | D:10     | HP: 2/94 [Harold/hand axe of electrocution (4)]
  7909 | D:10     | Mangled by Harold

Skill      XL: |  1  2  3  4  5  6  7  8  9 10 |
---------------+-------------------------------+-----
Shields        | 4 5 6 8 9 10 | 10.4
Armour         | 4 5 7 8 9 |  9.4
Long Blades    | 4 5 6 8 10 11 | 11.9
Fighting       | 4 5 6 8 |  8.2
Dodging        | 1 2 4 5 |  5.9
Throwing       | 1 |  1.4
Stealth        | 1 |  1.0

Action                   |  1- 3 |  4- 6 |  7- 9 | 10-12 || total
-------------------------+-------+-------+-------+-------++-------
Melee: Long sword        |    58 |   174 |   246 |   177 ||   655
       Headbutt          |     8 |    27 |    61 |    57 ||   153
Throw: Tomahawk          |       |       |     5 |       ||     5
  Use: Scroll            |     2 |    10 |     1 |     4 ||    17
       Potion            |     1 |       |     7 |     2 ||    10
  Eat: Bread ration      |     1 |     1 |     1 |       ||     3
       Chunk             |       |     2 |       |     2 ||     4
       Royal jelly       |       |       |     1 |     1 ||     2
       Fruit             |       |       |     1 |     1 ||     2
Armor: Scale mail        |    15 |    75 |    69 |    52 ||   211
Dodge: Dodged            |    12 |    71 |    89 |    55 ||   227
Block: Shield            |    34 |   105 |   146 |   101 ||   386
       Rpst.: Long sword |     3 |    16 |    24 |    17 ||    60
